 Dungeon Crawl Stone Soup version 0.31.0-11-ge490571c62 (webtiles) character file.

Game seed: 3087626425464830352

2149 GloriousHammer the Spear-Bearer (level 9, -4/64 (65) HPs)
             Began as a Formicid Delver on Jan 26, 2024.
             Shot with an arrow by a centaur (10 damage)
             ... on level 6 of the Dungeon.
             The game lasted 00:15:07 (6558 turns).

GloriousHammer the Spear-Bearer (Formicid Delver)   Turns: 6558, Time: 00:15:07

HP:   -4/64 (65)    AC:  8    Str: 22    XL:     9   Next: 56%
MP:   9/9           EV: 11    Int:  9    God:
Gold: 351           SH:  0    Dex: 15    Spells: 8/8 levels left

rFire   . . .        a - +2 trident (venom)
rCold   . . .        (no shield)
rNeg    . . .        k - +3 ring mail
rPois   .            (helmet unavailable)
rElec   .            (no cloak)
rCorr   .            (no gloves)
SInv    +            (no boots)
Will    .....        (no amulet)
Stlth   +++          (no ring)
HPRegen 0.30/turn    (no ring)
MPRegen 0.11/turn

%: no passive effects
@: lightly drained
A: permanent stasis, dig shafts and tunnels, antennae 3, four strong arms
a: Dig, Shaft Self


You were on level 6 of the Dungeon.
You visited 1 branch of the dungeon, and saw 6 of its levels.

You collected 351 gold pieces.

Inventory:

Hand Weapons
 a - a +2 trident of venom (weapon)
 b - a +0 sling
Missiles
 h - 6 boomerangs
 p - 7 curare-tipped darts
Armour
 k - a +3 ring mail (worn)
Jewellery
 c - a ring of ice
 C - a ring of ice
Talismans
 i - a beast talisman
Wands
 f - a wand of digging (3)
 g - a wand of flame (26)
Scrolls
 d - 3 scrolls of revelation
 e - a scroll of fear
 m - a scroll of noise
 q - a scroll of enchant armour
 r - a scroll of immolation {unknown}
 t - a scroll of amnesia {unknown}
 v - a scroll of teleportation {unknown}
 x - 4 scrolls of fog
 y - a scroll of vulnerability {unknown}
Potions
 j - 2 potions of enlightenment
 l - a potion of heal wounds
 n - a potion of curing {unknown}
 o - a potion of might {unknown}
 s - 2 potions of mutation {unknown}
 u - a potion of brilliance {unknown}
 w - a potion of ambrosia {unknown}


   Skills:
 - Level 4.0 Fighting
 * Level 11.3 Polearms
 - Level 4.0 Armour
 - Level 1.7 Dodging
 - Level 6.0 Stealth


You had 8 spell levels left.
You didn't know any spells.
Your spell library contained the following spells:

 Spells                   Type           Power      Damage    Failure   Level
 Ensorcelled Hibernation  Hex/Ice        0%         N/A       67%         2
 Jinxbite                 Hex            0%         N/A       67%         2
 Passwall                 Erth           0%         N/A       88%         3
 Ignite Poison            Fire/Alch      0%         N/A       99%         4
 Yara's Violent Unravell  Hex/Alch       0%         3d3       100%        5
 Enfeeble                 Hex            0%         N/A       100%        7
 Malign Gateway           Summ/Tloc      0%         N/A       100%        7
 Disjunction              Tloc           0%         N/A       100%        8
 Swiftness                Air            Unusable   N/A       N/A         3

Dungeon Overview and Level Annotations

Branches:
Dungeon (6/15)
 Temple: D:4-7

Altars:
Fedhas
Hepliaklqana
Kikubaaqudgha
Qazlal
Sif Muna
Zin

Shops:
D:3 (

Annotations:
D:4 2 transporters
D:5 exclusion: downstairs


Innate Abilities, Weirdness & Mutations

You cannot be hasted, slowed, berserked, paralysed or teleported.
You can dig through walls and to a lower floor.
You have a pair of large antennae on your head. (SInv)
Your four strong arms can wield two-handed weapons with a shield.


Message History

HP restored.
You climb downwards.
The wight hits you with a +0 quarterstaff.
You feel drained. The wight completely misses you.
A sky beast comes into view.
There is a stone staircase leading up here.
You closely miss the wight. The wight barely misses you. The wight misses you.
You climb upwards.
Level annotation: exclusion: downstairs
There is a stone staircase leading down, spattered with blood here.
Things that are here:
a +0 ring mail; a +0 whip The wight hits you but does no damage.
You puncture the wight!
The wight is heavily damaged.
You closely miss the wight.
The wight is heavily damaged.
The wight hits you with a +0 quarterstaff!
You puncture the wight!
You destroy the wight!
Your life force feels restored.
Your Polearms skill increases to level 11!
There is a stone staircase leading down, spattered with blood here.
Things that are here:
a +0 ring mail; a +0 whip You start resting.
HP restored.
You climb downwards.
There is a stone staircase leading up here.
You reach to attack!
You hit the sky beast.
The sky beast is lightly wounded.
You hit the sky beast.
The sky beast is poisoned.
The sky beast is moderately wounded.
The sky beast hits you but does no damage.
You hit the sky beast.
The sky beast is heavily wounded.
You closely miss the sky beast.
The sky beast is heavily wounded.
The sky beast closely misses you.
You puncture the sky beast!
The sky beast is almost dead.
You kill the sky beast!
No target in view!
You start waiting.
A steam dragon is nearby!
A steam dragon is nearby!
You reach to attack!
You catch the helpless steam dragon completely off-guard!
You puncture the steam dragon!
The steam dragon is poisoned.
The steam dragon is moderately wounded.
You reach to attack!
You hit the steam dragon.
The steam dragon is moderately wounded.
The steam dragon breathes steam at you. The ball of steam hits you!
You reach to attack!
You completely miss the steam dragon.
The steam dragon is moderately wounded.
You are engulfed in a cloud of scalding steam.
You puncture the steam dragon!
The steam dragon looks as sick as possible!
The steam dragon is severely wounded.
You are engulfed in a cloud of scalding steam.
The steam dragon barely misses you. The steam dragon claws you.
A centaur comes into view.
The steam dragon barely misses you. The steam dragon closely misses you.
You hit the steam dragon but do no damage.
The steam dragon looks as sick as possible!
The steam dragon is severely wounded.
You are engulfed in a cloud of scalding steam.
You barely miss the steam dragon.
The steam dragon is almost dead.
The steam dragon barely misses you.
The steam dragon claws you but does no damage.
The centaur wields a +0 orcbow of draining.
You sense an unholy aura.
The centaur shoots an arrow.
The arrow hits you.
You feel drained.
You barely miss the steam dragon. Your punch misses the steam dragon.
The steam dragon is almost dead.
The centaur shoots an arrow.
The arrow hits you!
You feel drained. The steam dragon breathes steam at you.
The ball of steam hits you!!
* * * LOW HITPOINT WARNING * * *
You hear a shout!
You feel much better.
You are engulfed in a cloud of scalding steam.
* * * LOW HITPOINT WARNING * * *
You kill the steam dragon!
The steam dragon scales are intact enough to wear.
Your life force feels restored.
You are engulfed in a cloud of scalding steam.
* * * LOW HITPOINT WARNING * * *
The centaur shoots an arrow.
The arrow hits you.
* * * LOW HITPOINT WARNING * * *
You feel drained.
* * * LOW HITPOINT WARNING * * *
There is a stone staircase leading up here.
You are engulfed in a cloud of scalding steam.
* * * LOW HITPOINT WARNING * * *
The centaur shoots an arrow.
The arrow hits you!
You die...

..#................
#................
#................
##.##.#......#....
### #..
###...#####...
....#..####..### ..
#....[.###....
#.##.§........
#.@........
#........##
#.......##
##.§..c.# #......#
#§§.§.... #.§§.....
#.......#


You could see a centaur.

Vanquished Creatures
  Grinder (D:5)
  A steam dragon (D:6)
  Menkaure (D:5)
  A sky beast (D:6)
  2 black bears
  An ice beast (D:5)
  2 ogres
  A phantom (D:5)
  A gnoll sergeant (D:6)
  A scorpion (D:4)
  3 wights
  A hound (D:3)
  4 jellies
  3 orc priests
  5 iguanas
  8 orc wizards
  5 gnolls
  7 adders
  A white imp (D:6)
  2 ufetubi (D:5)
  3 ribbon worms
  3 dart slugs
  24 orcs
  6 ball pythons
  10 endoplasms
  2 giant cockroaches (D:2)
  2 goblins
  7 hobgoblins
  4 jackals
  3 kobolds
  A quokka (D:5)
  3 bats
  3 frilled lizards
  3 rats
125 creatures vanquished.

Vanquished Creatures (others)
  A human (D:5)
  A gnoll (D:6)
2 creatures vanquished.

Grand Total: 127 creatures vanquished

Notes
Turn   | Place    | Note
-------+----------+-------------------------------------------
     0 | D:5      | GloriousHammer the Formicid Delver began the quest for the
                  | Orb.
     0 | D:5      | Reached XP level 1. HP: 18/18 MP: 1/1
    78 | D:3      | Found Guaceoxi's Weapon Shoppe.
    84 | D:3      | Found a stormy altar of Qazlal.
   134 | D:3      | Noticed a hound
   192 | D:3      | Found a faded altar of an unknown god.
   266 | D:3      | Reached XP level 2. HP: 24/24 MP: 2/2
   778 | D:1      | Reached skill level 3 in Polearms
   871 | D:1      | Reached XP level 3. HP: 19/29 MP: 3/3
  1572 | D:2      | Reached XP level 4. HP: 35/35 MP: 4/4
  1575 | D:2      | Reached skill level 4 in Polearms
  1575 | D:2      | Reached skill level 1 in Armour
  1786 | D:3      | Reached XP level 5. HP: 42/42 MP: 5/5
  2138 | D:2      | Reached XP level 6. HP: 21/48 MP: 6/6
  2282 | D:3      | Reached skill level 5 in Polearms
  3406 | D:3      | Got the Omnibus of Viperous Space
  3585 | D:4      | Noticed an ogre
  3599 | D:4      | Killed an ogre
  3636 | D:4      | Found a hazy altar of Hepliaklqana.
  3647 | D:4      | Reached skill level 6 in Polearms
  3647 | D:4      | Reached XP level 7. HP: 37/54 MP: 7/7
  3735 | D:4      | Found a blossoming altar of Fedhas.
  3953 | D:4      | Found a transporter.
  4067 | D:4      | Reached skill level 7 in Polearms
  4149 | D:4      | Reached XP level 8. HP: 52/58 MP: 8/8
  4209 | D:4      | Noticed a fire bat
  4210 | D:4      | Found a transporter.
  4210 | D:4      | Noticed a fire bat
  4210 | D:4      | Noticed a fire bat
  4803 | D:5      | Reached skill level 8 in Polearms
  4915 | D:5      | Noticed Grinder
  5024 | D:5      | Found an ancient bone altar of Kikubaaqudgha.
  5025 | D:5      | Noticed a human
  5027 | D:5      | Killed a human
  5157 | D:5      | Reached skill level 9 in Polearms
  5453 | D:5      | Killed Grinder
  5454 | D:5      | Reached skill level 10 in Polearms
  5454 | D:5      | Reached XP level 9. HP: 37/65 MP: 9/9
  5549 | D:5      | Found a shimmering blue altar of Sif Muna.
  5549 | D:5      | Found a glowing silver altar of Zin.
  6044 | D:6      | Noticed Menkaure
  6242 | D:5      | Killed Menkaure
  6475 | D:5      | Reached skill level 11 in Polearms
  6558 | D:6      | Shot with an arrow by a centaur

Illustrated notes

Levels and vault maps discovered:
D:1:      roderic_crossed_star, layout_basic
D:2:      layout_basic
D:3:      layout_basic, mainiacjoe_overflow_concentric_impassable,
          chequers_ecumenical_altar_simple, serial_shops, nicolae_shop_crystal
D:4:      gammafunk_cloud_chamber, layout_cave_pools, fedhas_altar_2,
          mainiacjoe_overflow_small_starburst, columned_hall_lemuel
D:5:      layout_rooms, tgw_kikubaaqudgha, nicolae_overflow_two_pavilions,
          kennysheep_generic_room_10, uniq_grinder
D:6:      kennysheep_windowed_halls, layout_cave_pools, slow_altar_2,
          nicolae_overflow_crystal_walls, uniq_maggie, uniq_menkaure

Skill      XL: |  1  2  3  4  5  6  7  8  9 |
---------------+----------------------------+-----
Polearms       | 3 4 6 7 10 11 | 11.3
Armour         | 1 2 3 4 |  4.0
Fighting       | 4 |  4.0
Dodging        | |  1.7
Stealth        | |  6.0

Action                     |  1- 3 |  4- 6 |  7- 9 || total
---------------------------+-------+-------+-------++-------
  Melee: Spear             |    37 |       |       ||    37
         Trident           |    48 |   153 |   194 ||   395
         Punch             |       |     1 |     6 ||     7
   Fire: Sling             |       |     1 |    31 ||    32
    Use: Scroll            |       |     4 |     2 ||     6
         Potion            |       |       |     2 ||     2
   Stab: Sleeping          |     5 |     1 |     1 ||     7
         Fleeing           |       |     1 |       ||     1
         Distracted        |       |     1 |     1 ||     2
 Armour: Leather armour    |    10 |       |       ||    10
         Ring mail         |    28 |   111 |   122 ||   261
  Dodge: Dodged            |    35 |    82 |    74 ||   191
